 Dungeon Crawl Stone Soup version 0.29-a0-359-g541a27f54d (webtiles) character file.

Game seed: 5775226548615016533

478 zeratav the Shooter (level 6, -7/48 HPs)
             Began as a Demigod Hunter on Apr 27, 2022.
             Killed by divine providence
             ... invoked by an orc priest
              (12 damage)
             ... on level 5 of the Dungeon.
             The game lasted 00:05:59 (3320 turns).

zeratav the Shooter (Demigod Hunter)                Turns: 3320, Time: 00:05:59

Health: -7/48      AC:  4    Str: 12    XL:     6   Next: 55%
Magic:  8/8        EV: 12    Int: 11    God:
Gold:   142        SH:  0    Dex: 25    Spells: 5/5 levels left

rFire   . . .      SeeInvis .   d - +4 shortbow (freeze) {bow}
rCold   . . .      Faith    .   (shield currently unavailable)
rNeg    . . .      Spirit   .   b - +0 leather armour
rPois   .          Reflect  .   x - +0 helmet
rElec   .          Harm     .   (no cloak)
rCorr   .          Rampage  .   (no gloves)
Will    .....                   (no boots)
Stlth   ++........              (no amulet)
HPRegen 0.16/turn               (no ring)
MPRegen 0.11/turn               (no ring)

@: no status effects
A: high MP 1, forlorn, divine attributes
a: no special abilities


You were on level 5 of the Dungeon.
You visited 1 branch of the dungeon, and saw 5 of its levels.

You collected 286 gold pieces.
You spent 144 gold pieces at shops.


Innate Abilities, Weirdness & Mutations

You have an increased reservoir of magic. (+10% MP)
You shall have no god before yourself.
Your divine heritage dramatically boosts your attributes as you level up.


   Skills:
 - Level 1.7 Fighting
 + Level 7.6 Bows
 - Level 1.7 Dodging
 - Level 0.8 Stealth


You had 5 spell levels left.
You didn't know any spells.
Your spell library contained the following spells:

 Spells                   Type           Power      Damage    Failure   Level
 Beastly Appendage        Tmut           0%         N/A       41%         1
 Wereblood                Tmut           0%         N/A       56%         2
 Spider Form              Tmut/Pois      0%         N/A       80%         3
 Tukima's Dance           Hex            0%         N/A       80%         3
 Passage of Golubria      Tloc           0%         N/A       99%         4
 Yara's Violent Unravell  Hex/Tmut       0%         3d3       100%        5

Inventory:

Hand Weapons
 a - a +1 shortbow {bow}
 d - a +4 shortbow of freezing (weapon) {bow}
   (You bought it in a shop on level 4 of the Dungeon)
Armour
 b - a +0 leather armour (worn)
 f - a +0 ring mail
   (You took it off an orc priest on level 4 of the Dungeon)
 x - a +0 helmet (worn)
   (You found it on level 4 of the Dungeon)
Jewellery
 n - a ring of magical power
   (You found it on level 2 of the Dungeon)
Wands
 p - a wand of acid (8)
   (You found it on level 3 of the Dungeon)
Scrolls
 c - a scroll of fear
 g - 2 scrolls of summoning
 h - a scroll of holy word
 i - a scroll of amnesia
 m - 2 scrolls of identify {@r1}
 o - a scroll of enchant weapon
 q - 2 scrolls of magic mapping {unknown}
 r - a scroll of brand weapon {unknown}
Potions
 e - 2 potions of resistance
 j - 2 potions of mutation {!q}
 k - a potion of magic
 l - 2 potions of curing {@q1}
 s - a potion of lignification {unknown}
 w - a potion of degeneration {unknown}

Dungeon Overview and Level Annotations

Branches:
Dungeon (5/15)             Temple (0/1) D:4

Shops:
D:4

( .# .. .### .#
....####.
.........
..#.....#
#..[....##
....o..@.#
.#.#..T........
.........#####.
.#.#.....#
..........
##.#.....##
........##
.###.#...


You could see a troll and an orc priest.


Message History

The arrow hits the orc priest but does no damage.
Something hits you.
The orc priest hits you with a +0 dagger.
HP[-4]
You take 4 damage, and now have 26/48 hp.
Shoot: d) +4 shortbow (freeze) {bow}
Press: ? - help, Q - select action, (/) - cycle Shift-Dir - straight line, f/p - orc priest
Aim: an orc priest, wielding a +0 dagger and wearing a +0 ring mail (73% to hit)
You shoot an arrow.
The arrow hits the orc priest but does no damage.
You hear some strange, mumbled words.
Something tries to affect you, but you resist.
The orc priest hits you but does no damage.
Shoot: d) +4 shortbow (freeze) {bow}
Press: ? - help, Q - select action, (/) - cycle Shift-Dir - straight line, f/p - orc priest
Aim: an orc priest, wielding a +0 dagger and wearing a +0 ring mail (73% to hit)
You shoot an arrow. The arrow hits the orc priest.
The arrow freezes the orc priest.
Something hits you but does no damage.
The orc priest hits you with a +0 dagger.
* * * LOW HITPOINT WARNING * * *
HP[-3]
You take 3 damage, and now have 23/48 hp.
Shoot: d) +4 shortbow (freeze) {bow}
Press: ? - help, Q - select action, (/) - cycle Shift-Dir - straight line, f/p - orc priest
Aim: an orc priest, wielding a +0 dagger and wearing a +0 ring mail (lightly wounded, 73% to hit)
You shoot an arrow. The arrow hits the orc priest!
The arrow freezes the orc priest.
You kill the orc priest!
Something hits you.
* * * LOW HITPOINT WARNING * * *
Something hits you.
* * * LOW HITPOINT WARNING * * *
HP[-1]
You take 1 damage, and now have 22/48 hp.
Shoot: d) +4 shortbow (freeze) {bow}
Press: ? - help, Q - select action, (/) - cycle Shift-Dir - straight line, f - you
Okay, then.
Something hits you.
* * * LOW HITPOINT WARNING * * *
Things that are here:
a +0 whip of electrocution {mace}; a +0 leather armour; an orc corpse HP[-3]
You take 3 damage, and now have 19/48 hp.
Shoot: d) +4 shortbow (freeze) {bow}
Press: ? - help, Q - select action, (/) - cycle Shift-Dir - straight line You shoot an arrow.
Something hits you.
* * * LOW HITPOINT WARNING * * *
HP[-3]
You take 3 damage, and now have 16/48 hp.
Shoot: d) +4 shortbow (freeze) {bow}
Press: ? - help, Q - select action, (/) - cycle Shift-Dir - straight line You shoot an arrow.
Something hits you.
* * * LOW HITPOINT WARNING * * *
HP[-1]
You take 1 damage, and now have 15/48 hp.
Shoot: d) +4 shortbow (freeze) {bow}
Press: ? - help, Q - select action, (/) - cycle Shift-Dir - straight line You shoot an arrow.
Something hits you.
* * * LOW HITPOINT WARNING * * *
HP[-1]
You take 1 damage, and now have 14/48 hp.
Shoot: d) +4 shortbow (freeze) {bow}
Press: ? - help, Q - select action, (/) - cycle Shift-Dir - straight line You shoot an arrow.
Reactivating autopickup.
You feel a bit more experienced.
HP[+1] Shoot: d) +4 shortbow (freeze) {bow}
Press: ? - help, Q - select action, (/) - cycle Shift-Dir - straight line, f - you
Okay, then.
y - a +0 leather armour
Things that are here:
a +0 whip of electrocution {mace}; an orc corpse You start resting.
HP[+33]
Your hp is fully restored (48).
You drop a +0 leather armour.
You drop a +0 ring mail.
You drop a +0 scale mail.
You drop a +0 leather armour. x2
f - a +0 ring mail You see here a +0 dagger {short}.
There is a stone staircase leading down, spattered with blood here.
You climb downwards.
The troll bites you! The troll claws you! x2
* * * LOW HITPOINT WARNING * * *
There is a stone staircase leading up, spattered with blood here.
HP[-30]
You take 30 damage, and now have 18/48 hp.
MASSIVE DAMAGE!! (PAUSE)
The troll bites you.
* * * LOW HITPOINT WARNING * * *
The troll claws you but does no damage. The troll claws you!
* * * LOW HITPOINT WARNING * * *
The orc priest calls down the wrath of Beogh upon you.
Beogh smites you!
You die...

Skill      XL: |  1  2  3  4  5  6 |
---------------+-------------------+-----
Bows           | 4 5 6 7 |  7.6
Fighting       | |  1.7
Dodging        | |  1.7
Stealth        | |  0.8

Action                   |  1- 3 |  4- 6 || total
-------------------------+-------+-------++-------
 Fire: Shortbow          |    83 |   170 ||   253
  Use: Scroll            |     1 |    10 ||    11
Armor: Leather armour    |    13 |    17 ||    30
Dodge: Dodged            |    28 |    25 ||    53

Levels and vault maps discovered:
D:1:      sevenhm_arrival_forest_fort_large_4, layout_rooms,
          hangedman_feature_mirror, serial_park_tiny_2
D:2:      layout_loops_cross, ebering_ecumenical_altar_abandoned, basic_altar,
          minmay_bisected
D:3:      layout_loops_cross, grunt_ministairs_5
D:4:      cheibrodos_greedy_goblins, layout_cave_pods,
          minmay_temple_entry_drinking_statues, serial_shops,
          nicolae_shop_advertising_works [nicolae_subvault_shop_adworks]
D:5:      layout_loops_ring, grunt_temple_overflow_magic_moments,
          jmf_multi_god_temple

Notes
Turn   | Place    | Note
-------+----------+-------------------------------------------
     0 | D:1      | zeratav the Demigod Hunter began the quest for the Orb.
     0 | D:1      | Reached XP level 1. HP: 17/17 MP: 3/3
     0 | D:1      | magus.rc [v1.9.6]
    78 | D:1      | Reached skill level 4 in Bows
   162 | D:1      | You pick up a book of Changes and begin reading...
   162 | D:1      | You add the spells Beastly Appendage, Wereblood and Spider
                  | Form to your library.
   207 | D:1      | Reached XP level 2. HP: 24/24 MP: 4/4
   675 | D:2      | You add the spells Tukima's Dance, Passage of Golubria and
                  | Yara's Violent Unravelling to your library.
   685 | D:2      | Reached XP level 3. HP: 29/29 MP: 5/5
   917 | D:2      | Reached skill level 5 in Bows
   918 | D:2      | Reached XP level 4. HP: 36/36 MP: 6/6
  2082 | D:4      | Reached skill level 6 in Bows
  2082 | D:4      | Reached XP level 5. HP: 37/41 MP: 7/7
  2154 | D:4      | Found a staircase to the Ecumenical Temple.
  2556 | D:4      | Found Nuzein's Antique Weapon Emporium.
  2567 | D:4      | Bought a glowing shortbow for 144 gold pieces
  2714 | D:4      | Reached XP level 6. HP: 48/48 MP: 8/8
  2717 | D:4      | Reached skill level 7 in Bows
  3083 | D:5      | Entered Level 5 of the Dungeon
  3089 | D:5      | Noticed a troll
  3320 | D:5      | HP: 5/48 [troll (9)]
  3320 | D:5      | Killed from afar by an orc priest

Vanquished Creatures
  A hound (D:5)
  3 orc priests (D:4)
  A gnoll shaman (D:4)
  3 orc wizards
  4 adders
  9 gnolls
  6 worms
  5 dart slugs
  7 orcs (D:4)
  3 ball pythons
  11 endoplasms
  2 giant cockroaches
  9 goblins
  9 hobgoblins
  4 jackals (D:2)
  5 quokkas
  9 bats
  4 frilled lizards
  12 kobolds
  10 rats
117 creatures vanquished.

Table legend:
 A = Non-vault XP
 B = Vault XP
 C = Vault XP percentage of total XP
 D = Non-vault monster count
 E = Vault monster count
 F = Vault count percentage of total count
                 A         B        C        D         E       F
            +---------+---------+-------+---------+---------+-------
      Total |     646 |      38 |   5.6 |     102 |      15 |  12.8
            +---------+---------+-------+---------+---------+-------
        D:1 |      28 |       0 |   0.0 |      19 |       0 |   0.0
        D:2 |     110 |      20 |  15.4 |      34 |       5 |  12.8
        D:3 |      65 |       2 |   3.0 |      20 |       1 |   4.8
        D:4 |     365 |      16 |   4.2 |      27 |       9 |  25.0
        D:5 |      78 |       0 |   0.0 |       2 |       0 |   0.0
            +---------+---------+-------+---------+---------+-------

Illustrated notes

Table legend:
 A = Kills in this place as a percentage of kills in entire the game.
 B = Kills by you in this place as a percentage of kills by you in the entire game.
 C = Kills by friends in this place as a percentage of kills by friends in the entire game.
 D = Other kills in this place as a percentage of other kills in the entire game.
 E = Experience gained in this place as a percentage of experience gained in the entire game.
 F = Experience gained in this place divided by the number of levels of this place that you have seen.
                   A       B       C       D       E      F
               +-------+-------+-------+-------+-------+----------------------
         Total | 100.0 | 100.0 |   N/A |   N/A | 100.0 | 136.8
       Dungeon | 100.0 | 100.0 |   N/A |   N/A | 100.0 | 136.8
               +-------+-------+-------+-------+-------+----------------------

Table legend: (Time is in decaauts)
 A = Elapsed time spent in this place.
 B = Non-inter-level travel time spent in this place.
 C = Inter-level travel time spent in this place.
 D = Time resting spent in this place.
 E = Time spent auto-exploring this place.
 F = Levels seen in this place.
 G = Mean time per level.
                   A        B        C        D        E       F      G
               +--------+--------+--------+--------+--------+-----+--------+
         Total |   3386 |   3309 |     77 |    206 |   2579 |   5 |  677.2 |
       Dungeon |   3386 |   3309 |     77 |    206 |   2579 |   5 |  677.2 |
               +--------+--------+--------+--------+--------+-----+--------+

Top non-repeatable levels by time:
     D:4: 1270 daAuts
     D:2: 965 daAuts
     D:3: 691 daAuts
     D:1: 446 daAuts
     D:5: 11 daAuts
